Map: Crête de Lerilak

Players

Shine - Winner!

  • Race: Terran Terran
  • League: Silver
  • Spawn Location: 11:00

zidar

  • Race: Zerg Zerg
  • League: Silver
  • Spawn Location: 1:00

VOD

Have the link to the VOD?

Description

Time

  • Played on: Dec. 16, 2015, 1:44 p.m.
  • Length: 12:20
Show
View Real Time Build Order
Export as new Build Order

Shine Terran - Winner!

Build Orders:  

Get SALT Encoding   

  12  0:00  SCV  
  13  0:13  SCV  
  14  0:17  Supply Depot  
  14  0:25  SCV  
  15  0:39  SCV  
  15  0:40  Barracks  
  16  0:47  Refinery  
  16  0:51  SCV  
  17  0:57  Refinery  
  17  1:03  SCV  
  18  1:15  SCV  
  19  1:28  Reaper  
  21  1:41  Orbital Command  
  21  1:42  Supply Depot  
  20  1:47  Factory  
  20  2:09  Barracks Reactor  
  20  2:18  SCV  
  21  2:30  SCV  
  22  2:42  SCV  
  23  2:54  SCV  
  24  3:06  SCV  
  24  3:07  Hellion x2  
  24  3:11  Marine, Supply Depot  
  30  3:29  Marine  
  30  3:33  SCV, Hellion x2  
  36  3:36  Command Center  
  36  3:45  SCV  
  36  3:48  Barracks Reactor  
  37  3:53  Starport  
  37  3:57  Hellion  
  39  4:03  SCV, Hellion  
  39  4:05  Supply Depot  
  42  4:15  SCV  
  43  4:18  Hellion  
  43  4:23  Supply Depot  
  43  4:28  SCV  
  36  5:02  SCV  
  36  5:03  Starport Reactor  
  36  5:10  Marine x2  
  36  5:14  SCV  
  39  5:18  Factory  
  39  5:23  Liberator x2  
  39  5:27  Marine  
  39  5:28  Marine  
  35  5:33  Hellion  
  35  5:34  Hellion  
  45  5:45  Marine x2  
  47  5:50  SCV  
  47  5:51  SCV  
  49  6:02  SCV  
  49  6:03  Marine x2, SCV  
  50  6:19  Factory Tech Lab  
  50  6:41  Siege Tank  
  53  6:58  Command Center  
  53  7:06  SCV  
  54  7:18  SCV  
  54  7:21  Marine x2  
  57  7:25  Siege Tank  
  60  7:30  SCV  
  61  7:39  Marine x2  
  63  7:56  Marine  
  63  7:57  Marine  
  65  8:11  Refinery  
  65  8:12  Siege Tank  
  68  8:13  SCV  
  68  8:14  Marine x2  
  71  8:24  Barracks x2  
  71  8:25  Barracks, SCV  
  71  8:26  Barracks  
  72  8:29  Medivac x2  
  72  8:32  Marine x2  
  72  8:33  Hellion x2  
  82  8:36  Refinery  
  82  8:37  SCV  
  82  8:38  Supply Depot  
  82  8:40  Supply Depot  
  83  8:49  SCV  
  83  8:50  Marine  
  83  8:54  Hellion, Engineering Bay  
  83  8:55  Hellion  
  89  8:59  Medivac  
  89  9:01  Bunker  
  89  9:02  Supply Depot  
  91  9:04  Barracks  
  91  9:16  Barracks Tech Lab x2  
  91  9:17  Barracks Reactor  
  91  9:19  Barracks Reactor  
  91  9:32  Bunker  
  91  9:33  Orbital Command  
  91  9:43  Siege Tank  
  92  9:49  Terran Infantry Weapons Level 1  
  68  10:15  Siege Tank  
  65  10:23  Marauder x2  
  65  10:24  Marine x2  
  65  10:25  Marine x5  
  76  10:42  Marine x3  
  77  10:43  Marine x4  
  77  10:44  Marauder x2  
  87  11:00  Marine x3  
  87  11:03  Command Center  
  90  11:05  Marauder  
  90  11:06  Marauder  
  94  11:15  Concussive Shells  
  94  11:17  Marine x4  
  94  11:18  Marine x2  
  100  11:27  Marauder  
  102  11:35  Supply Depot  
  102  11:37  Supply Depot x2  
  102  11:38  Supply Depot  
  102  11:57  Marauder x2  
  102  11:59  Marine x5  
  102  12:00  Marine x2  
Show
View Real Time Build Order
Export as new Build Order

zidar Zerg 

Build Orders: Hatch First 

Get SALT Encoding   

  12  0:04  Drone  
  13  0:13  Overlord  
  13  0:17  Drone  
  14  0:35  Drone x2  
  16  0:44  Drone  
  17  0:57  Hatchery  
  17  0:58  Drone  
  17  1:03  Extractor  
  17  1:04  Drone  
  17  1:22  Spawning Pool  
  16  1:29  Drone  
  16  1:30  Drone  
  18  1:39  Drone  
  19  1:44  Overlord  
  19  2:00  Drone  
  20  2:21  Metabolic Boost  
  20  2:23  Roach Warren  
  20  2:24  Drone x5  
  24  2:39  Queen  
  22  3:07  Zergling x8  
  22  3:08  Zergling x4  
  25  3:25  Queen  
  27  3:36  Drone x4  
  31  3:43  Queen  
  33  3:51  Drone x3  
  33  3:55  Overlord  
  36  4:10  Overlord  
  36  4:13  Queen  
  38  4:19  Extractor  
  31  4:44  Zergling x22  
  36  5:15  Drone x5  
  39  5:42  Lair  
  39  5:47  Drone  
  39  5:48  Drone x6  
  46  5:54  Extractor  
  45  5:59  Extractor  
  41  6:21  Drone  
  42  6:30  Drone x9  
  48  6:53  Spore Crawler  
  48  6:54  Spore Crawler  
  46  6:58  Spore Crawler  
  46  7:00  Spore Crawler  
  41  7:05  Roach x5  
  51  7:18  Glial Reconstitution  
  51  7:26  Evolution Chamber  
  51  7:29  Evolution Chamber  
  41  8:14  Roach x5  
  41  8:19  Overlord x2  
  51  8:20  Overlord x2  
  51  8:41  Roach  
  51  8:42  Roach x5  
  51  8:45  Ravager x7  
  72  9:03  Roach x5  
  72  9:09  Hatchery  
  79  9:13  Roach  
  79  9:14  Roach  
  79  9:16  Overlord  
  83  9:21  Overlord  
  83  9:54  Roach x6  
  83  9:55  Roach  
  59  10:30  Zergling x4  
  59  10:31  Zergling x16  
  69  10:46  Ravager x4  
  73  10:59  Drone x4  
  77  11:07  Queen  
  79  11:13  Roach  
  79  11:18  Drone x2  
  83  11:33  Ravager x4  
  83  11:34  Ravager x2  
  83  11:35  Ravager  
  83  11:36  Ravager  
  91  11:44  Zergling x12  
  91  11:45  Zergling x2  
Tags
 
Add a new tag
Caveats
  • Supply blocks, unpowered buildings, or Contaminate may cause inaccurate times.
  • Supply counts are checked every 10 seconds.